 Dungeon Crawl Stone Soup version 0.18-a0-1372-gd644665 (webtiles) character file.

1397 MDvedh the Basher (level 8, 0/96 HPs)
             Began as a Minotaur Abyssal Knight on Feb 21, 2016.
             Was an Elder of Lugonu.
             Succumbed to a gnoll sergeant's poison
             ... on level 6 of the Dungeon.
             The game lasted 00:10:16 (5004 turns).

MDvedh the Basher (Minotaur Abyssal Knight)         Turns: 5004, Time: 00:10:16

Health: 0/96       AC: 24    Str: 16 (19) XL:     8   Next: 41%
Magic:  10/10      EV:  2    Int: 13 (14) God:    Lugonu [****..]
Gold:   347        SH:  0    Dex:  9 (10) Spells: 0 memorised, 7 levels left

rFire  . . .     SeeInvis .     d - +1 flail
rCold  + . .     Gourm    .     (armour currently unavailable)
rNeg   + + +     Faith    .     (no shield)
rPois  +         Spirit   .     (helmet currently unavailable)
rElec  .         Dismiss  .     (cloak currently unavailable)
rCorr  .         Reflect  .     (gloves currently unavailable)
SustAt .         Harm     .     (boots currently unavailable)
MR     +....     NoTele   +     (no amulet)
Stlth  ..........               D - ring of protection from cold
                                e - ring of protection from magic

@: brilliant, lethally poisoned (0 -> -36), tree-form, silence, somewhat
resistant to hostile enchantments, extremely unstealthy
A: (retaliatory headbutt), (horns 0)
a: Renounce Religion


You were on level 6 of the Dungeon.
You worshipped Lugonu.
Lugonu was greatly pleased with you.
You were hungry.
You were a tree.
You visited 1 branch of the dungeon, and saw 6 of its levels.
You visited the Abyss 1 time.

You collected 347 gold pieces.

Inventory:

Hand Weapons
 a - a +1 mace
 d - a +1 flail (weapon)
Armour
 u - the +3 ring mail "Jehiv" (melded) {rN+ Slay+2}
   (You found it on level 5 of the Dungeon)

   It affects your accuracy and damage with ranged weapons and melee attacks
   (+2).
   It protects you from negative energy.
Jewellery
 b - a +3 ring of dexterity
 e - a ring of protection from magic (left branch)
 w - an uncursed amulet of regeneration {unknown}
 y - an uncursed ring of ice
 D - a ring of protection from cold (right branch)
Scrolls
 h - 3 scrolls of fog
 i - a scroll of fear
 l - 3 scrolls of recharging
 q - 2 scrolls of teleportation
 t - a scroll of remove curse
 z - a scroll of identify
Potions
 g - 2 potions of haste
 j - a potion of agility
 k - 3 potions of flight
 o - a potion of might
 p - a potion of magic
Comestibles
 c - 5 bread rations
 m - 3 meat rations
 n - 2 fruits
 s - a slice of pizza


   Skills:
 - Level 3.6 Fighting
 + Level 11.6 Maces & Flails
 - Level 2.4 Armour
 - Level 1.1 Dodging
 - Level 4.0 Invocations


You had 7 spell levels left.
You didn't know any spells.

Dungeon Overview and Level Annotations

Branches:
Dungeon (6/15)
 Temple: D:4-7

Altars:
Ashenzari
Elyvilon
Fedhas
Okawaru
Qazlal
Xom

Shops:
D:6 (

Annotations:
D:3 Sigmund


Innate Abilities, Weirdness & Mutations

((You reflexively headbutt those who attack you in melee.))
((You have a pair of horns on your head.))


Message History

You feel very sick.
The gnoll sergeant hits you but does no damage.
The gnoll barely misses you.
Unknown command.
Unknown command.
Read which item? (? for menu, Esc to quit)
Okay, then.
Drink which item? (? for menu, Esc to quit)
Okay, then.
Read which item? (? for menu, Esc to quit)
As you read the scroll labeled POCEUSMA VEGG, it crumbles to dust.
A profound silence engulfs you.
It was a scroll of silence.
* * * LOW HITPOINT WARNING * * *
You feel very sick. The gnoll hits you but does no damage.
The gnoll sergeant hits you but does no damage.
The gnoll hits you but does no damage.
You hit the gnoll.
The gnoll is severely wounded.
You die...

## # #.#
#.###########.#
#...>..........
#.............#
#......##.#
#...!..##.#
#......gg.#
#...$..##♣##
..........g...###
####......P.....#
#...####..##.#
+...+ #)(# .#
##..# #).## .
+..####...# . #
#....P..#.####.##
...........<..#


You could see a gnoll sergeant and 2 gnolls.

Vanquished Creatures
  Eustachio (D:5)
  A sky beast (D:5)
  An ogre (D:5)
  The ghost of M4edhros the Sneak, an amateur OpMo (D:5)
  A giant frog (D:6)
  2 scorpions
  The ghost of M4edhros the Insei, a weakling OpMo (D:3)
  5 crimson imps
  An orc priest (D:4)
  A gnoll shaman (D:5)
  4 hounds
  A jelly (D:4)
  Jessica (D:2)
  2 giant frog skeletons
  Terence (D:2)
  2 worker ants
  12 gnolls
  5 adders
  An ooze (D:3)
  3 worms
  A giant gecko (D:4)
  18 orcs
  4 giant cockroaches
  11 goblins
  9 hobgoblins
  7 jackals
  6 kobolds (D:1)
  A quokka (D:2)
  8 bats
  7 giant newts
  9 rats
128 creatures vanquished.

Notes
Turn   | Place    | Note
--------------------------------------------------------------
     0 | Abyss:1  | MDvedh the Minotaur Abyssal Knight began the quest for the Orb.
     0 | Abyss:1  | Reached XP level 1. HP: 19/19 MP: 1/1
     3 | Abyss:1  | Found a corrupted altar of Lugonu.
    53 | Abyss:1  | Found a corrupted altar of Lugonu.
    65 | D:1      | Escaped the Abyss
   121 | D:1      | Reached XP level 2. HP: 6/26 MP: 2/2
   518 | D:1      | Reached ** piety under Lugonu
   689 | D:1      | Reached XP level 3. HP: 31/31 MP: 4/4
  1020 | D:2      | Found a white marble altar of Elyvilon.
  1168 | D:2      | Reached skill level 4 in Maces & Flails
  1300 | D:2      | Found an iron altar of Okawaru.
  1367 | D:2      | Noticed Terence
  1379 | D:2      | Killed Terence
  1379 | D:2      | Reached XP level 4. HP: 18/39 MP: 5/5
  1583 | D:2      | Reached *** piety under Lugonu
  1646 | D:2      | Noticed Jessica
  1767 | D:2      | Found a stormy altar of Qazlal.
  1901 | D:2      | Killed Jessica
  1901 | D:2      | Reached skill level 5 in Maces & Flails
  1901 | D:2      | Reached XP level 5. HP: 28/45 MP: 6/6
  2016 | D:3      | Noticed Sigmund
  2016 | D:3      | Noticed M4edhros's ghost (weakling OpMo)
  2554 | D:3      | Reached skill level 6 in Maces & Flails
  2581 | D:3      | Killed M4edhros's ghost
  2581 | D:3      | Reached XP level 6. HP: 30/51 MP: 8/8
  3096 | D:4      | Reached skill level 7 in Maces & Flails
  3292 | D:4      | Found a blossoming altar of Fedhas.
  3356 | D:4      | Reached **** piety under Lugonu
  3646 | D:4      | Found a shattered altar of Ashenzari.
  4051 | D:5      | Entered Level 5 of the Dungeon
  4051 | D:5      | Noticed M4edhros's ghost (amateur OpMo)
  4060 | D:5      | Killed M4edhros's ghost
  4060 | D:5      | Reached skill level 8 in Maces & Flails
  4060 | D:5      | Reached XP level 7. HP: 30/57 MP: 9/9
  4446 | D:5      | Reached skill level 9 in Maces & Flails
  4589 | D:5      | Found a shimmering altar of Xom.
  4589 | D:5      | Noticed Eustachio
  4622 | D:5      | Killed Eustachio
  4626 | D:5      | Got a fine ring mail
  4649 | D:5      | Identified the +3 ring mail "Jehiv" {rN+ Slay+2} (You found it on level 5 of the Dungeon)
  4725 | D:5      | Reached skill level 10 in Maces & Flails
  4731 | D:6      | Found Lahuogew's Weapon Shop.
  4752 | D:5      | Reached XP level 8. HP: 56/64 MP: 10/10
  4776 | D:6      | Reached skill level 11 in Maces & Flails
  5003 | D:6      | HP: 3/96 [poisoned by a gnoll sergeant]
  5004 | D:6      | Succumbed to a gnoll sergeant's poison

Vault maps used:
D:1:      lightli_arrival_boilingwater, st_stairs_10
D:2:      nicolae_qazlal_general_emergency, elyvilon_altar_1,
          okawaru_metal_pillars_1_2, uniq_terence, uniq_jessica
D:3:      uniq_sigmund
D:4:      marbit_many_paths, cheibrodos_ashenzari_chains, first_bread,
          bh_walls_and_bars
D:5:      led_xom_imps, uniq_eustachio
D:6:      corexii_shack_village, kennysheep_mini,
          nicolae_overflow_hidden_temple, temple_fountains, serial_shops, shop,
          serial_glass, glass_columns_b, glass_columns_c, solitary_fountain

Action                   |  1- 3 |  4- 6 |  7- 9 || total
-------------------------+-------+-------+-------++-------
Melee: Mace              |    95 |    18 |       ||   113
       Flail             |       |   127 |   112 ||   239
  Use: Scroll            |       |     7 |     6 ||    13
       Potion            |       |       |     4 ||     4
  Eat: Chunk             |     1 |     8 |     2 ||    11
       Pizza             |       |     1 |       ||     1
